 Dungeon Crawl Stone Soup version 0.28.0-43-g3370ac3207 (webtiles) character file.

Game seed: 2353956443576057845

164 nickcage the Cudgeller (level 5, 0/32 HPs)
             Began as a Gargoyle Fighter on Mar 29, 2022.
             Was an Initiate of Qazlal.
             Slain by an orc wizard
             ... wielding a +0 dagger
              (1 damage)
             ... on level 4 of the Dungeon.
             The game lasted 00:05:55 (3973 turns).

nickcage the Cudgeller (Gargoyle Fighter)           Turns: 3973, Time: 00:05:55

Health: 0/32       AC: 14    Str: 21    XL:     5   Next: 45%
Magic:  5/5        EV:  9    Int:  9    God:    Qazlal [......]
Gold:   92         SH:  0    Dex:  9    Spells: 4/4 levels left

rFire   + . .      SeeInvis .   r - +1 flail (holy)
rCold   . . .      Faith    .   c - +0 buckler
rNeg    + . .      Spirit   .   b - +0 scale mail
rPois   ∞          Reflect  .   (no helmet)
rElec   +          Harm     .   i - +2 cloak of Benevolence {rF+ rCorr}
rCorr   +          Rampage  .   (no gloves)
Will    .....                   (no boots)
Stlth   ..........              (no amulet)
HPRegen 0.10/turn               (no ring)
MPRegen 0.09/turn               (no ring)

@: confused
A: sickness immunity, AC +4, negative energy resistance 1, electricity
resistance, torment resistance 1, petrification resistance
a: Renounce Religion


You were on level 4 of the Dungeon.
You worshipped Qazlal.
Qazlal was noncommittal.
You visited 1 branch of the dungeon, and saw 4 of its levels.

You collected 92 gold pieces.

Inventory:

Hand Weapons
 a - a +0 flail
 r - a +1 flail of holy wrath (weapon)
Missiles
 l - 3 poisoned darts (quivered)
Armour
 b - a +0 scale mail (worn)
 c - a +0 buckler (worn)
 i - the +2 cloak of Benevolence (worn) {rF+ rCorr}
   (You found it on level 2 of the Dungeon)

   rF:        It protects you from fire.
   rCorr:     It protects you from acid and corrosion.
Scrolls
 e - 2 scrolls of identify {unknown}
 f - 3 scrolls of teleportation {unknown}
 g - 2 scrolls of fear {unknown}
 h - 2 scrolls of fog {unknown}
 m - a scroll of brand weapon {unknown}
 n - 2 scrolls of immolation {unknown}
 o - a scroll of holy word {unknown}
 p - a scroll of magic mapping {unknown}
 s - a scroll of summoning {unknown}
Potions
 d - a potion of might
 j - a potion of mutation {unknown}
 k - a potion of lignification {unknown}
 q - a potion of berserk rage {unknown}
 t - a potion of curing {unknown}


   Skills:
 - Level 3.2 Fighting
 + Level 5.5 Maces & Flails
 - Level 3.2 Armour
 - Level 3.2 Shields


You had 4 spell levels left.
You didn't know any spells.
Your spell library contained the following spells:

 Spells                   Type           Power      Damage    Failure   Level
 Sting                    Tmut/Pois      0%         1d3       82%         1
 Corpse Rot               Necr/Air       0%         N/A       91%         2
 Poisonous Vapours        Pois/Air       0%         N/A       91%         2
 Wereblood                Tmut           0%         N/A       91%         2
 Inner Flame              Hex/Fire       0%         N/A       99%         3
 Cause Fear               Hex            0%         N/A       100%        4
 Dispel Undead            Necr           0%         3d6       100%        4
 Olgreb's Toxic Radiance  Pois           0%         N/A       100%        4
 Death Channel            Necr           0%         N/A       100%        6
 Summon Hydra             Summ           0%         N/A       100%        7
 Discord                  Hex            0%         N/A       100%        8
 Sublimation of Blood     Necr           Unusable   N/A       N/A         2

Dungeon Overview and Level Annotations

Branches:
Dungeon (4/15)
 Temple: D:4-7

Altars:
Qazlal

Annotations:
D:4 Grinder


Innate Abilities, Weirdness & Mutations

You are immune to sickness and miasma.
Your stone body is resilient. (AC +4)
You are immune to poison.
You resist negative energy. (rN+)
You are resistant to electric shocks. (rElec)
You are resistant to unholy torment.
You are immune to petrification.


Message History

Beogh smites you! Something hits you but does no damage.
You hear some strange, mumbled words.
A puff of flame appears from out of thin air!
The puff of flame hits you. You resist.
The orc priest miscasts a cantrip.
Things that are here:
a +0 dagger; an orc corpse You barely miss the orc priest.
The orc splashes around in the water.
The orc priest hits you with a +0 flail.
Something hits you.
* * * LOW HITPOINT WARNING * * *
The orc hits you but does no damage.
You barely miss the orc priest. Something hits you.
* * * LOW HITPOINT WARNING * * *
You block the orc priest's attack. The orc hits you but does no damage.
You closely miss the orc priest. The orc priest barely misses you.
Something hits you but does no damage. The orc closely misses you.
You closely miss the orc priest.
The orc priest hits you with a +0 flail.
* * * LOW HITPOINT WARNING * * *
Something hits you but does no damage. The orc hits you but does no damage.
You hit the orc priest.
The orc priest is moderately wounded.
The orc priest hits you but does no damage.
You hear some strange, mumbled words.
You are confused.
The orc barely misses you. The orc priest closely misses you.
Something hits you.
* * * LOW HITPOINT WARNING * * *
You barely miss the orc priest.
The orc priest is moderately wounded.
The orc hits you but does no damage. The orc priest completely misses you.
Something hits you but does no damage.
You sock the orc priest!
You kill the orc priest!
Qazlal accepts your kill.
The orc splashes around in the water.
Something hits you but does no damage. The orc hits you but does no damage.
You're too confused to move!
Something hits you.
You die...

... . #.# ##..######
#.# ##...# #.# #....#
#.###.#..###
###.##.......# .##
#....#...≈...#
..!..###....#.§.§§≈.##
......oo....#.{§§≈≈..#
.......#....#)@..§...#
.....o.#.......o.≈≈..#
.....o.#####.........#
...o... #.........#
......o ###########
....... ......#


You could see an orc.

Vanquished Creatures
  2 orc priests
  3 adders
  A worm (D:2)
  A dart slug (D:1)
  6 orcs
  3 ball pythons
  8 endoplasms
  7 hobgoblins
  4 jackals (D:4)
  4 kobolds
  A quokka (D:3)
  12 bats
  A frilled lizard (D:3)
  4 goblins
  A quokka skeleton (D:4)
  6 rats
64 creatures vanquished.

Notes
Turn   | Place    | Note
-------+----------+-------------------------------------------
     0 | D:1      | nickcage the Gargoyle Fighter began the quest for the Orb.
     0 | D:1      | Reached XP level 1. HP: 14/14 MP: 1/1
   190 | D:1      | Reached XP level 2. HP: 14/19 MP: 2/2
   323 | D:1      | Reached skill level 3 in Maces & Flails
  1230 | D:2      | Reached XP level 3. HP: 19/23 MP: 3/3
  1318 | D:2      | Identified the +2 cloak of Benevolence {rF+ rCorr}
  1716 | D:2      | Found a faded altar of an unknown god.
  2100 | D:2      | Reached skill level 4 in Maces & Flails
  2455 | D:3      | Reached XP level 4. HP: 25/28 MP: 4/4
  3286 | D:3      | Reached skill level 5 in Maces & Flails
  3286 | D:3      | Reached XP level 5. HP: 11/32 MP: 5/5
  3803 | D:4      | Noticed Grinder
  3934 | D:4      | Found a stormy altar of Qazlal.
  3960 | D:4      | Became a worshipper of Qazlal Stormbringer
  3970 | D:4      | HP: 1/32 [something (3)]
  3973 | D:4      | Slain by an orc wizard

Illustrated notes

Levels and vault maps discovered:
D:1:      minmay_arrival_three_doors, layout_basic, nrook_loot_triangle,
          grunt_decor_cap, serial_park_tiny_2
D:2:      kb_forest_paths, layout_basic, hellmonk_ecumenical_altar_zigzags,
          serial_curves, eino_curves_02, eino_curves_02
D:3:      layout_loops_ring, small_statue_intersection
D:4:      minmay_wonky_spiral, layout_rooms, nicolae_qazlal_scattered_showers,
          minmay_temple_entry_glassed_door, ebering_ghost_sewer_f,
          roderic_cross_of_infinity, uniq_grinder

Skill      XL: |  1  2  3  4 |
---------------+-------------+-----
Maces & Flails | 3 4 5 |  5.5
Fighting       | |  3.2
Armour         | |  3.2
Shields        | |  3.2

Action                   |  1- 3 |  4- 6 || total
-------------------------+-------+-------++-------
Melee: Flail             |   108 |   126 ||   234
Armor: Scale mail        |    72 |   117 ||   189
Dodge: Dodged            |    53 |   112 ||   165
Block: Buckler           |    23 |    39 ||    62
